 Dungeon Crawl Stone Soup version 0.19.5 (webtiles) character file.

541 Gargoyl the Chopper (level 7, -1/59 HPs)
             Began as a Ghoul Abyssal Knight on Mar 24, 2017.
             Was a Priest of Lugonu.
             Killed from afar by Duvessa (12 damage)
             ... with a wand of flame
             ... on level 4 of the Dungeon.
             The game lasted 00:07:34 (3100 turns).

Gargoyl the Chopper (Ghoul Abyssal Knight)          Turns: 3100, Time: 00:07:35

Health: -1/59      AC: 11    Str: 16    XL:     7   Next: 26%
Magic:  17/17      EV: 10    Int: 10    God:    Lugonu [***...]
Gold:   135        SH:  0    Dex: 12    Spells: 0 memorised, 6 levels left

rFire  . . .     SeeInvis .     a - +2 hand axe
rCold  + . .     Gourm    .     p - +0 chain mail
rNeg   + + +     Faith    .     (no shield)
rPois  ∞         Spirit   .     (no helmet)
rElec  .         Reflect  .     (no cloak)
rCorr  .         Harm     .     (no gloves)
MR     +....                    d - +1 pair of boots "Detychaguz" {+Inv MR+ Int+3 Dex+2}
Stlth  ..........               (no amulet)
                                b - +3 ring of evasion
                                k - ring of magical power

@: rotting, invisible
A: rotting body, claws 1, carnivore 3, cold resistance 1, negative energy
resistance 3, slow regeneration 1, torment resistance, unbreathing
a: Depart the Abyss, Bend Space, Banish, Renounce Religion


You were on level 4 of the Dungeon.
You worshipped Lugonu.
Lugonu was most pleased with you.
You were not hungry.

You visited 1 branch of the dungeon, and saw 4 of its levels.
You visited the Abyss 1 time.

You collected 135 gold pieces.

Inventory:

Hand Weapons
 a - a +2 hand axe (weapon)
Missiles
 h - 8 tomahawks (quivered)
Armour
 d - the +1 pair of boots "Detychaguz" (worn) {+Inv MR+ Int+3 Dex+2}
   (You acquired it on level 1 of the Dungeon)

   It affects your intelligence (+3).
   It affects your dexterity (+2).
   It affects your resistance to hostile enchantments.
   It lets you turn invisible.
 p - a +0 chain mail (worn)
Jewellery
 b - a +3 ring of evasion (right claw)
 k - a ring of magical power (left claw)
Wands
 f - a wand of slowing (40/48)
Scrolls
 g - a scroll of enchant armour
 n - a scroll of magic mapping
 o - 3 scrolls of recharging
 q - a scroll of remove curse
 r - 2 scrolls of teleportation
 u - a scroll of amnesia
 x - a scroll of identify
Potions
 e - a potion of flight
 m - a potion of haste {unknown}
 s - a potion of brilliance {unknown}
 v - a potion of lignification {unknown}
 w - 2 potions of might {unknown}
Comestibles
 c - a meat ration
 i - 5 chunks of flesh
 l - a slice of pizza
 t - 2 beef jerkies


   Skills:
 + Level 4.2 Fighting
 + Level 4.5 Axes
 * Level 3.6 Armour
 + Level 1.8 Dodging
 * Level 3.9 Invocations
 + Level 0.5 Evocations


You had 6 spell levels left.
You didn't know any spells.

Dungeon Overview and Level Annotations

Branches:
Dungeon (4/15)
 Temple: D:4-7

Altars:
Cheibriados

Annotations:
D:3 Eustachio
D:4 Dowan, Duvessa


Innate Abilities, Weirdness & Mutations

Your body is rotting away.
You thrive on raw meat.
You are immune to poison.
You have sharp fingernails.
You are carnivorous and can eat meat at any time.
Your flesh is cold resistant. (rC+)
You are immune to negative energy. (rN+++)
You regenerate slowly when monsters are visible.
You are immune to unholy pain and torment.
You can survive without breathing.


Message History

You closely miss Dowan. Dowan closely misses you.
Duvessa hits you but does no damage.
You hit Duvessa.
Duvessa is heavily wounded.
Your chain mail prevents you from hitting Dowan.
Duvessa hits you but does no damage. Dowan casts a spell at you.
The puff of frost hits you! You resist.
Duvessa zaps a wand.
The puff of flame hits you!
* * * LOW HITPOINT WARNING * * *
You fail to use your ability.
Dowan points at you and mumbles some strange words.
The puff of frost misses you.
The puff of frost hits Duvessa.
Duvessa hits you with a short sword of venom.
* * * LOW HITPOINT WARNING * * *
It was a potion of invisibility.
You fade into invisibility!
Duvessa drinks a potion.
Duvessa is healed!
Dowan hits you but does no damage.
Duvessa zaps a wand.
The puff of flame hits you!
You die...

#..#
#.....)..#...#...#....#
##.#
#.######.'..###..'.####
#.##
#.#......#...#...#.#
#..#
#.#.######.......#.#
##.# #.# ####
#.......#.### #.##
#.#.##.. ####'####...#
#####..###.#.##.# #.(.#
#.#.#
..............##e#
#..## #...#
#######..##.####@# #.##
##### ##.##.####e# #.#
#..#..(...# ### ##
##.#.####.# #. .#.# #.#
## ...# #.# #..# #.#
#..# #.+ #..# #.+


You could see Duvessa and Dowan.

Vanquished Creatures
  An ogre (D:4)
  Blork the orc (D:4)
  A centaur skeleton (D:4)
  2 orc priests
  An orc wizard (D:4)
  4 worker ants (D:4)
  A worker ant zombie (D:2)
  6 adders
  2 oozes
  An adder skeleton (D:2)
  3 worms
  2 dart slugs
  4 leopard geckos
  13 orcs
  A ball python (D:4)
  2 bat skeletons (D:2)
  A bat zombie (D:2)
  5 giant cockroaches
  3 goblins
  3 hobgoblins
  18 jackals
  A ball python skeleton (D:2)
  7 bats
  4 frilled lizards
  4 kobolds
  A leopard gecko zombie (D:2)
  6 rats
98 creatures vanquished.

Notes
Turn   | Place    | Note
-------+----------+-------------------------------------------
     0 | Abyss:1  | Gargoyl the Ghoul Abyssal Knight began the quest for the Orb.
     0 | Abyss:1  | Reached XP level 1. HP: 19/19 MP: 1/1
    40 | Abyss:2  | Found a corrupted altar of Lugonu.
   101 | Abyss:2  | Noticed a flying skull
   101 | Abyss:2  | Noticed a flying skull
   101 | Abyss:2  | Noticed a flying skull
   101 | Abyss:2  | Noticed a flying skull
   101 | D:1      | Escaped the Abyss
   104 | D:1      | Identified a scroll of acquirement
   105 | D:1      | Got a pair of smoking boots
   111 | D:1      | Identified the +1 pair of boots "Detychaguz" {+Inv MR+ Int+3 Dex+2} (You acquired it on level 1 of the Dungeon)
   415 | D:1      | Reached * piety under Lugonu
   451 | D:1      | Reached XP level 2. HP: 24/26 MP: 2/2
   652 | D:1      | Reached skill level 1 in Dodging
   840 | D:1      | Reached XP level 3. HP: 28/31 MP: 3/3
   973 | D:2      | Found a snail-covered altar of Cheibriados.
  1192 | D:2      | Reached XP level 4. HP: 40/40 MP: 4/4
  1213 | D:2      | Reached ** piety under Lugonu
  1629 | D:3      | Reached XP level 5. HP: 43/46 MP: 6/6
  2330 | D:4      | Noticed Eustachio
  2390 | D:4      | Reached XP level 6. HP: 19/52 MP: 7/7
  2565 | D:4      | Noticed Blork the orc
  2580 | D:4      | Killed Blork the orc
  2580 | D:4      | Reached *** piety under Lugonu
  2638 | D:4      | Reached XP level 7. HP: 19/59 MP: 8/8
  3089 | D:4      | Noticed Dowan
  3090 | D:4      | Noticed Duvessa
  3100 | D:4      | Killed from afar by Duvessa

Skill      XL: |  1  2  3  4  5  6 |
---------------+-------------------+-----
Armour         | 2 3 |  3.6
Axes           | 2 3 4 |  4.5
Dodging        | 1 |  1.8
Fighting       | 4 |  4.2
Invocations    | 3 |  3.9
Evocations     | |  0.5

Action                   |  1- 3 |  4- 6 |  7- 9 || total
-------------------------+-------+-------+-------++-------
Melee: Hand axe          |    82 |   263 |    69 ||   414
Invok: Depart the Abyss  |     1 |       |       ||     1
 Abil: Evoke Invisibilit |       |     1 |     2 ||     3
  Use: Scroll            |     9 |     3 |       ||    12
       Potion            |       |     1 |     1 ||     2
 Stab: Invisible         |       |     4 |     3 ||     7
  Eat: Chunk             |    12 |    30 |     9 ||    51
Armor: Leather armour    |    56 |       |       ||    56
       Chain mail        |     9 |   193 |    26 ||   228
Dodge: Dodged            |    69 |   201 |    38 ||   308
